 Dungeon Crawl Stone Soup version 0.20.0-14-g326068f (webtiles) character file.

209 maniacrov the Magician (level 5, 0/28 HPs)
             Began as a Deep Elf Fire Elementalist on June 8, 2017.
             Killed from afar by Wardy1's ghost (9 damage)
             ... with a magic dart
             ... on level 4 of the Dungeon.
             The game lasted 00:16:03 (3559 turns).

maniacrov the Magician (Deep Elf Fire Elementalist) Turns: 3559, Time: 00:16:04

Health: 0/28       AC:  2    Str:  3 (5)  XL:     5   Next: 55%
Magic:  8/14       EV: 13    Int: 20 (21) God:
Gold:   179        SH:  0    Dex: 12 (15) Spells: 7/13 levels left

rFire    . . .     SeeInvis .   f - +1 dagger (venom)
rCold    . . .     Gourm    .   (no shield)
rNeg     . . .     Faith    .   a - +0 robe
rPois    .         Spirit   .   (no helmet)
rElec    .         Reflect  .   (no cloak)
rCorr    .         Harm     .   (no gloves)
MR       .....                  (no boots)
Stlth    ++........             (no amulet)
Regen    0.1/turn               (no ring)
MPRegen  0.2/turn               (no ring)

@: slowed, very slow
A: no striking features
a: no special abilities


You were on level 4 of the Dungeon.
You were not hungry.

You visited 1 branch of the dungeon, and saw 4 of its levels.

You collected 179 gold pieces.

Inventory:

Hand Weapons
 f - a +1 dagger of venom (weapon)
Armour
 a - a +0 robe (worn)
 j - the +1 pair of gloves "Tunkulew" {rElec, unknown}
   (You found it on level 4 of the Dungeon)

   It insulates you from electricity.
Jewellery
 e - a cursed ring of teleportation {unknown}
 l - a cursed ring of loudness {unknown}
Potions
 g - a potion of degeneration
 h - a potion of lignification
 i - 2 potions of curing
 o - a potion of brilliance {unknown}
Books
 b - a book of Flames

   Spells                             Type                      Level
   a - Flame Tongue                   Conjuration/Fire             1
   b - Throw Flame                    Conjuration/Fire             2
   c - Conjure Flame                  Conjuration/Fire             3
   d - Inner Flame                    Hexes/Fire                   3
   e - Sticky Flame                   Conjuration/Fire             4
   f - Fireball                       Conjuration/Fire             5
Comestibles
 c - 3 bread rations
 d - a fruit
 k - 3 royal jellies
 m - a meat ration


   Skills:
 + Level 2.8 Dodging
 + Level 3.3 Stealth
 + Level 4.8 Spellcasting
 + Level 3.4 Conjurations
 + Level 4.4 Fire Magic


You had 7 spell levels left.
You knew the following spells:

 Your Spells              Type           Power        Failure   Level  Hunger
a - Flame Tongue          Conj/Fire      ###..        2%          1    None
b - Throw Flame           Conj/Fire      ###...       3%          2    #......
c - Inner Flame           Hex/Fire       ##......     14%         3    ##.....


Dungeon Overview and Level Annotations

Branches:
Dungeon (4/15)
 Temple: D:4-7

Altars:

Annotations:
D:4 Wardy1's ghost, amateur FeWz


Message History

Aim: Wardy1's ghost (moderately damaged)
The flame tongue hits Wardy1's ghost.
Wardy1's ghost appears unharmed.
Wardy1's ghost is moderately damaged.
Wardy1's ghost closely misses you. Wardy1's ghost misses you.
Casting: Flame Tongue
Confirm with . or Enter, or press ? or * to list all spells.
Aiming: Flame Tongue
Press: ? - help, Shift-Dir - straight line, f/p - Wardy1's ghost
Aim: Wardy1's ghost (moderately damaged)
The flame tongue misses Wardy1's ghost.
Wardy1's ghost completely misses you.
Casting: Flame Tongue
Confirm with . or Enter, or press ? or * to list all spells.
Aiming: Flame Tongue
Press: ? - help, Shift-Dir - straight line, f/p - Wardy1's ghost
Aim: Wardy1's ghost (moderately damaged)
The flame tongue hits Wardy1's ghost.
Wardy1's ghost resists.
Wardy1's ghost is severely damaged.
Wardy1's ghost stares at you and mumbles some strange words.
The magic dart hits you!
You die...

..).#.###..# #
...>...%...##.# ## ..
#......##.######.
#.##................
#.............###...
######...................
#........................
#.........##.......#..###
#.......@.###.#.......##.
#........W###.#..........
#...........#<#....#...#.
#......####....##..#.#.#.
#.......# ###..........#.
##.......# #............
#........# #............
##.######.# #............
#..# #.#####............


You could see Wardy1's ghost.

Vanquished Creatures
  An orc priest (D:3)
  2 orc wizards (D:3)
  4 adders
  2 oozes (D:2)
  3 worms
  A leopard gecko (D:1)
  9 orcs
  2 ball pythons
  4 giant cockroaches
  12 goblins
  4 hobgoblins (D:2)
  2 jackals (D:4)
  7 kobolds
  A quokka (D:2)
  2 bats (D:2)
  3 frilled lizards
  4 rats
63 creatures vanquished.

Notes
Turn   | Place    | Note
-------+----------+-------------------------------------------
     0 | D:1      | maniacrov the Deep Elf Fire Elementalist began the quest for the Orb.
     0 | D:1      | Reached XP level 1. HP: 10/10 MP: 6/6
   361 | D:1      | Reached XP level 2. HP: 15/15 MP: 5/8
   464 | D:1      | You fall through a shaft!
   616 | D:2      | Learned a level 1 spell: Flame Tongue
   619 | D:2      | Learned a level 2 spell: Throw Flame
   921 | D:2      | Reached XP level 3. HP: 19/19 MP: 1/9
  2157 | D:3      | Reached XP level 4. HP: 5/24 MP: 6/11
  2902 | D:3      | HP: 1/24 [orc wizard/puff of flame (11)]
  2908 | D:3      | Reached XP level 5. HP: 16/28 MP: 4/13
  3212 | D:4      | Learned a level 3 spell: Inner Flame
  3440 | D:4      | Got a pair of faintly humming gloves
  3550 | D:4      | Noticed Wardy1's ghost (amateur FeWz)
  3559 | D:4      | Killed from afar by Wardy1's ghost

Skill      XL: |  1  2  3  4  5 |
---------------+----------------+-----
Stealth        | 3 |  3.3
Fire Magic     | 4 |  4.4
Conjurations   | 2 3 |  3.4
Spellcasting   | 4 |  4.8
Dodging        | |  2.8

Action                   |  1- 3 |  4- 6 || total
-------------------------+-------+-------++-------
Melee: Unarmed           |       |     5 ||     5
       Dagger            |       |     1 ||     1
 Cast: Flame Tongue      |    72 |    56 ||   128
       Throw Flame       |       |    11 ||    11
  Use: Scroll            |     3 |     6 ||     9
       Potion            |       |     6 ||     6
  Eat: Meat ration       |     1 |       ||     1
       Bread ration      |       |     1 ||     1
Armor: Robe              |     4 |     4 ||     8
Dodge: Dodged            |    32 |    19 ||    51
